PAA
FT. POLK SOUTH THUNDER HAWKS @ MERCER ISLAND SCREAMING EAGLES
08/07/2042
 
TOP OF THE 1ST
Ft. Polk South Thunder Hawks batting - Pitching for Mercer Island Screaming Eagles : RHP Kevin Gabriel
Pitching: RHP Kevin Gabriel
Batting: SHB Francisco Daulong 0-0: DOUBLE (Line Drive, 3D, EV 106.9 MPH)
Batting: LHB Gabriel Obregón 0-0: Foul Ball, location: 2F
0-1: Ground out 4-3 (Groundball, 4, EV 87.5 MPH)
Francisco Daulong to third
Batting: LHB Remco Mastenbroek 0-0: Ball
1-0: Ball
2-0: Swinging Strike
2-1: Called Strike
2-2: Foul Ball, location: 2F
2-2: Strikes out looking
Batting: LHB Jorge Agramunt 0-0: Fly out, F8 (Flyball, 78S, EV 95.0 MPH)
Top of the 1st over - 0 runs, 1 hit, 0 errors, 1 left on base; Ft. Polk South 0 - Mercer Island 0
BOTTOM OF THE 1ST
Mercer Island Screaming Eagles batting - Pitching for Ft. Polk South Thunder Hawks : RHP Scott Richardson
Pitching: RHP Scott Richardson
Batting: LHB Steve Lodge 0-0: Swinging Strike
0-1: Ball
1-1: Ball
2-1: Fly out, F8 (Line Drive, 8RD, EV 91.9 MPH)
Batting: RHB Asbel Kiprop 0-0: Called Strike
0-1: Called Strike
0-2: Ground out U3 (Groundball, 34, EV 85.6 MPH)
Batting: RHB Thiago Yepes 0-0: Ball
1-0: Called Strike
1-1: Fly out, F6 (Popup, 6MS, EV 72.5 MPH)
Bottom of the 1st over - 0 runs, 0 hits, 0 errors, 0 left on base; Ft. Polk South 0 - Mercer Island 0
TOP OF THE 2ND
Ft. Polk South Thunder Hawks batting - Pitching for Mercer Island Screaming Eagles : RHP Kevin Gabriel
Batting: RHB Aubrey Miller 0-0: Ball
1-0: Called Strike
1-1: Ball
2-1: Foul Ball, location: 2F
2-2: Ball
3-2: Foul Ball, location: 2F
3-2: Base on Balls
Batting: LHB Tim Carson 0-0: Ball
1-0: Ball
2-0: Called Strike
2-1: Ball
3-1: Called Strike
3-2: SINGLE (Line Drive, 56D, EV 97.5 MPH)
Aubrey Miller to second
Batting: RHB Dermott Mann 0-0: SINGLE (Line Drive, 78S, EV 103.1 MPH)
Aubrey Miller to third
Tim Carson to second
Batting: RHB Tora Tora 0-0: Ball
1-0: Fly out, F7 (Flyball, 78XD, EV 99.4 MPH)
Runner from 3rd tags up, SCORES, no throw by LF
Batting: RHB Raúl Colomo 0-0: Ball
Tim Carson steals 3rd base
1-0: Ball
2-0: Fielders Choice at 2nd, 6-4 (Groundball, 6, EV 104.4 MPH)
Tim Carson scores
Batting: SHB Francisco Daulong 0-0: Fly out, F8 (Flyball, 8LXD, EV 83.1 MPH)
Top of the 2nd over - 2 runs, 2 hits, 0 errors, 1 left on base; Ft. Polk South 2 - Mercer Island 0
BOTTOM OF THE 2ND
Mercer Island Screaming Eagles batting - Pitching for Ft. Polk South Thunder Hawks : RHP Scott Richardson
Batting: RHB Miles Breeuwer 0-0: Called Strike
0-1: Foul Ball, location: 2F
0-2: Foul Ball, location: 2F
0-2: Ball
1-2: Foul Ball, location: 2F
1-2: Foul Ball, location: 2F
1-2: SOLO HOME RUN (Line Drive, 89XD, EV 110.6 MPH), Distance : 420 ft
Batting: LHB Brian Drake 0-0: SINGLE (Groundball, 34D, EV 95.0 MPH)
Batting: RHB John Ratzlaff 0-0: Ball
1-0: Foul Ball, location: 2F
1-1: Called Strike
1-2: Ball
2-2: Ball
3-2: Strikes out swinging
Batting: LHB Niek Breugelmans 0-0: Foul Ball, location: 2F
0-1: Swinging Strike
0-2: Ground out U3 (Groundball, 34S, EV 76.9 MPH)
Brian Drake to second
Batting: RHB Matsuo Ino 0-0: Ball
1-0: Foul Ball, location: 2F
1-1: Fly out, F8 (Line Drive, 8RM, EV 91.9 MPH)
Bottom of the 2nd over - 1 run, 2 hits, 0 errors, 1 left on base; Ft. Polk South 2 - Mercer Island 1
TOP OF THE 3RD
Ft. Polk South Thunder Hawks batting - Pitching for Mercer Island Screaming Eagles : RHP Kevin Gabriel
Batting: LHB Gabriel Obregón 0-0: Called Strike
0-1: Foul Ball, location: 2F
0-2: Ground out 1-3 (Groundball, 13S, EV 75.0 MPH)
Batting: LHB Remco Mastenbroek 0-0: Ball
1-0: Ball
2-0: Ball
3-0: Called Strike
3-1: Base on Balls
Batting: LHB Jorge Agramunt 0-0: Ball
1-0: Foul Ball, location: 2F
1-1: Ball
Remco Mastenbroek is caught stealing 2nd base 2-6
2-1: Foul Ball, location: 2F
2-2: Ball
3-2: Base on Balls
Batting: RHB Aubrey Miller 0-0: Foul Ball, location: 2F
0-1: Ball
1-1: Ball
2-1: Ball
3-1: Fielders Choice at 2nd, 5-4 (Groundball, 56, EV 80.0 MPH)
Top of the 3rd over - 0 runs, 0 hits, 0 errors, 1 left on base; Ft. Polk South 2 - Mercer Island 1
BOTTOM OF THE 3RD
Mercer Island Screaming Eagles batting - Pitching for Ft. Polk South Thunder Hawks : RHP Scott Richardson
Batting: RHB Yue-rong Duan 0-0: Called Strike
0-1: Swinging Strike
0-2: Foul Ball, location: 2F
0-2: Ball
1-2: DOUBLE (Line Drive, 89D, EV 111.2 MPH)
Batting: LHB Steve Lodge 0-0: Foul Ball, location: 2F
0-1: DOUBLE (Line Drive, 5D, EV 94.4 MPH)
Yue-rong Duan scores
Batting: RHB Asbel Kiprop 0-0: Ball
Passed Ball!
Steve Lodge to third
1-0: Ground out 4-3 (Groundball, 4M, EV 106.2 MPH)
Steve Lodge scores
Batting: RHB Thiago Yepes 0-0: Fly out, F7 (Flyball, 7LD, EV 106.9 MPH)
Batting: RHB Miles Breeuwer 0-0: SINGLE (Line Drive, 5D, EV 94.4 MPH)
Batting: LHB Brian Drake 0-0: Ball
1-0: Foul Ball, location: 2F
1-1: Ball
2-1: Ball
3-1: Base on Balls
Miles Breeuwer to second
Batting: RHB John Ratzlaff 0-0: Called Strike
0-1: Called Strike
0-2: Strikes out swinging
Bottom of the 3rd over - 2 runs, 3 hits, 0 errors, 2 left on base; Ft. Polk South 2 - Mercer Island 3
TOP OF THE 4TH
Ft. Polk South Thunder Hawks batting - Pitching for Mercer Island Screaming Eagles : RHP Kevin Gabriel
Batting: LHB Tim Carson 0-0: Called Strike
0-1: Swinging Strike
0-2: Ball
1-2: Ball
2-2: Strikes out swinging
Batting: RHB Dermott Mann 0-0: Called Strike
0-1: Called Strike
0-2: Ball
1-2: Ball
2-2: Foul Ball, location: 2F
2-2: Ball
3-2: Foul Ball, location: 2F
3-2: Foul Ball, location: 2F
3-2: Reached on error, E5 (Groundball, 56, EV 109.4 MPH)
Batting: RHB Tora Tora 0-0: Ball
1-0: Ball
2-0: Called Strike
2-1: Foul Ball, location: 2F
2-2: Ball
3-2: Base on Balls
Dermott Mann to second
Batting: RHB Raúl Colomo 0-0: Called Strike
0-1: Fielders Choice at 2nd, U6 (Groundball, 4M, EV 102.5 MPH)
Dermott Mann to third
Batting: SHB Francisco Daulong 0-0: Ball
1-0: Ball
2-0: Called Strike
2-1: Swinging Strike
2-2: Ball
3-2: SINGLE (Flyball, 9LM, EV 93.8 MPH)
Dermott Mann scores
Raúl Colomo to second
Raúl Colomo to third
Batting: LHB Gabriel Obregón 0-0: Ball
1-0: Ball
2-0: Foul Ball, location: 2F
2-1: Fly out, F7 (Flyball, 7S, EV 89.4 MPH)
Top of the 4th over - 1 run, 1 hit, 1 error, 2 left on base; Ft. Polk South 3 - Mercer Island 3
BOTTOM OF THE 4TH
Mercer Island Screaming Eagles batting - Pitching for Ft. Polk South Thunder Hawks : RHP Scott Richardson
Batting: LHB Niek Breugelmans 0-0: Foul Ball, location: 2F
0-1: Ball
1-1: Foul Ball, location: 2F
1-2: DOUBLE (Line Drive, 78M, EV 101.9 MPH)
Batting: RHB Matsuo Ino 0-0: Swinging Strike
0-1: Foul Ball, location: 2F
0-2: Ball
1-2: SINGLE (Groundball, 6MD, EV 109.4 MPH)
Niek Breugelmans to third
Batting: RHB Yue-rong Duan 0-0: Ball
1-0: Ball
2-0: Called Strike
2-1: Foul Ball, location: 2F
2-2: Strikes out swinging
Batting: LHB Steve Lodge 0-0: Foul Ball, location: 2F
0-1: Fly out, F7 (Line Drive, 7, EV 90.6 MPH)
Runner from 3rd tags up, SCORES, throw by LF
Batting: RHB Asbel Kiprop Pickoff Throw to First - Out! 1-3
Bottom of the 4th over - 1 run, 2 hits, 0 errors, 0 left on base; Ft. Polk South 3 - Mercer Island 4
TOP OF THE 5TH
Ft. Polk South Thunder Hawks batting - Pitching for Mercer Island Screaming Eagles : RHP Kevin Gabriel
Batting: LHB Remco Mastenbroek 0-0: Ball
1-0: Ball
2-0: Foul Ball, location: 2F
2-1: Foul Ball, location: 2F
2-2: Ball
3-2: Fly out, F7 (Flyball, 7D, EV 99.4 MPH)
Batting: LHB Jorge Agramunt 0-0: Ball
1-0: Ball
2-0: Ball
3-0: Called Strike
3-1: Foul Ball, location: 2F
3-2: Foul Ball, location: 2F
3-2: Ground out 4-3 (Groundball, 4S, EV 90.6 MPH)
Batting: RHB Aubrey Miller 0-0: Called Strike
0-1: Foul Ball, location: 2F
0-2: Foul Ball, location: 2F
0-2: Ball
1-2: Strikes out swinging
Top of the 5th over - 0 runs, 0 hits, 0 errors, 0 left on base; Ft. Polk South 3 - Mercer Island 4
BOTTOM OF THE 5TH
Mercer Island Screaming Eagles batting - Pitching for Ft. Polk South Thunder Hawks : RHP Scott Richardson
Batting: RHB Asbel Kiprop 0-0: Ball
1-0: Ball
2-0: Foul Ball, location: 2F
2-1: Ball
3-1: Ground out 6-3 (Groundball, 6, EV 84.4 MPH)
Batting: RHB Thiago Yepes 0-0: Ball
1-0: Ball
2-0: Ball
3-0: Swinging Strike
3-1: Foul Ball, location: 2F
3-2: Foul Ball, location: 2F
3-2: Fly out, F7 (Line Drive, 7D, EV 90.6 MPH)
Batting: RHB Miles Breeuwer 0-0: Foul Ball, location: 2F
0-1: SINGLE (Groundball, 6MD, EV 100.0 MPH)
Batting: LHB Brian Drake 0-0: Called Strike
0-1: Ball
1-1: Fly out, F6 (Popup, 6MS, EV 62.5 MPH)
Bottom of the 5th over - 0 runs, 1 hit, 0 errors, 1 left on base; Ft. Polk South 3 - Mercer Island 4
TOP OF THE 6TH
Ft. Polk South Thunder Hawks batting - Pitching for Mercer Island Screaming Eagles : RHP Kevin Gabriel
Batting: LHB Tim Carson 0-0: Called Strike
0-1: Foul Ball, location: 2F
0-2: Ball
1-2: Fly out, F9 (Flyball, 89S, EV 88.8 MPH)
Batting: RHB Dermott Mann 0-0: Ball
1-0: Ball
2-0: Swinging Strike
2-1: Foul Ball, location: 2F
2-2: Foul Ball, location: 2F
2-2: Ball
3-2: Ground out 6-3 (Groundball, 6M, EV 83.8 MPH)
Batting: RHB Tora Tora 0-0: Ball
1-0: SOLO HOME RUN (Flyball, 7LD, EV 94.4 MPH), Distance : 359 ft
Batting: RHB Raúl Colomo 0-0: Ground out 6-3 (Groundball, 6, EV 108.1 MPH)
Top of the 6th over - 1 run, 1 hit, 0 errors, 0 left on base; Ft. Polk South 4 - Mercer Island 4
BOTTOM OF THE 6TH
Mercer Island Screaming Eagles batting - Pitching for Ft. Polk South Thunder Hawks : RHP Scott Richardson
Batting: RHB John Ratzlaff 0-0: Ball
1-0: Swinging Strike
1-1: Ball
2-1: Foul Ball, location: 2F
2-2: Ball
3-2: Strikes out swinging
Batting: LHB Niek Breugelmans 0-0: Called Strike
0-1: Ball
1-1: Called Strike
1-2: Ball
2-2: Fly out, F8 (Flyball, 8LM, EV 88.8 MPH)
Batting: RHB Matsuo Ino 0-0: Fly out, F8 (Flyball, 8RD, EV 95.6 MPH)
Bottom of the 6th over - 0 runs, 0 hits, 0 errors, 0 left on base; Ft. Polk South 4 - Mercer Island 4
TOP OF THE 7TH
Ft. Polk South Thunder Hawks batting - Pitching for Mercer Island Screaming Eagles : RHP Kevin Gabriel
Pitching: RHP Skip Walker
Batting: SHB Francisco Daulong 0-0: Called Strike
0-1: Swinging Strike
0-2: Ball
1-2: Ball
2-2: Strikes out swinging
Batting: LHB Gabriel Obregón 0-0: Foul Ball, location: 2F
0-1: Ball
1-1: Ball
2-1: Swinging Strike
2-2: SINGLE (Groundball, 34D, EV 97.5 MPH)
Batting: LHB Remco Mastenbroek 0-0: Ball
Gabriel Obregón steals 2nd, throwing error, E2
Gabriel Obregón to third
1-0: Hit by Pitch
Batting: LHB Jorge Agramunt 0-0: Ball
1-0: Called Strike
1-1: Ball
Wild Pitch!
Gabriel Obregón scores
Remco Mastenbroek to second
2-1: Ball
3-1: Swinging Strike
3-2: SINGLE (Groundball, 4MD, EV 104.4 MPH)
Remco Mastenbroek to third
Runner from 3rd tries for Home, SAFE, throw by CF to home
Batting: RHB Aubrey Miller 0-0: Ball
1-0: Fly out, F8 (Flyball, 8RXD, EV 110.0 MPH)
Batting: LHB Tim Carson 0-0: Ball
1-0: Ball
2-0: Ball
3-0: Base on Balls
Jorge Agramunt to second
Batting: RHB Dermott Mann 0-0: DOUBLE (Line Drive, 9LD, EV 104.4 MPH)
Jorge Agramunt scores
Tim Carson to third
Runner from 3rd tries for Home, SAFE, throw by RF to trailing runner, SAFE at third!
Pitching: RHP Mike Barraza
Batting: RHB Tora Tora 0-0: Called Strike
0-1: SINGLE (Line Drive, 6MD, EV 98.8 MPH)
Dermott Mann scores
Batting: RHB Raúl Colomo 0-0: Fly out, F4 (Flyball, 34D, EV 89.4 MPH)
Top of the 7th over - 5 runs, 4 hits, 1 error, 1 left on base; Ft. Polk South 9 - Mercer Island 4
BOTTOM OF THE 7TH
Mercer Island Screaming Eagles batting - Pitching for Ft. Polk South Thunder Hawks : RHP Scott Richardson
Batting: RHB Yue-rong Duan 0-0: Ball
1-0: Ball
2-0: Ball
3-0: Called Strike
3-1: Foul Ball, location: 2F
3-2: Fly out, F8 (Flyball, 8RD, EV 100.6 MPH)
Batting: LHB Steve Lodge 0-0: Ground out 6-3 (Groundball, 6, EV 80.0 MPH)
Batting: RHB Asbel Kiprop 0-0: Ball
1-0: Swinging Strike
1-1: Ground out 6-3 (Groundball, 6, EV 106.9 MPH)
Bottom of the 7th over - 0 runs, 0 hits, 0 errors, 0 left on base; Ft. Polk South 9 - Mercer Island 4
TOP OF THE 8TH
Ft. Polk South Thunder Hawks batting - Pitching for Mercer Island Screaming Eagles : RHP Mike Barraza
Batting: SHB Francisco Daulong 0-0: Ball
1-0: Foul Ball, location: 2F
1-1: Ball
2-1: Swinging Strike
2-2: Foul Ball, location: 2F
2-2: Ground out 1-3 (Groundball, P, EV 84.4 MPH)
Batting: LHB Gabriel Obregón 0-0: Called Strike
0-1: Foul Ball, location: 2F
0-2: Ball
1-2: Ball
2-2: Ball
3-2: Foul Ball, location: 2F
3-2: Foul Ball, location: 2F
3-2: Strikes out swinging
Batting: LHB Remco Mastenbroek 0-0: Foul Ball, location: 2F
0-1: Ball
1-1: Fly out, F6 (Popup, 6MD, EV 71.2 MPH)
Top of the 8th over - 0 runs, 0 hits, 0 errors, 0 left on base; Ft. Polk South 9 - Mercer Island 4
BOTTOM OF THE 8TH
Mercer Island Screaming Eagles batting - Pitching for Ft. Polk South Thunder Hawks : RHP Scott Richardson
Batting: RHB Thiago Yepes 0-0: Foul Ball, location: 2F
0-1: SINGLE (Line Drive, 6MD, EV 99.4 MPH)
Pitching: LHP Masaki Ito
Batting: RHB Miles Breeuwer 0-0: Swinging Strike
0-1: Ball
1-1: Foul Ball, location: 2F
1-2: Foul Ball, location: 2F
1-2: Ball
2-2: Strikes out looking
Batting: LHB Brian Drake 0-0: Swinging Strike
0-1: Ball
1-1: Ball
2-1: Ball
3-1: Fly out, F8 (Flyball, 8LS, EV 77.5 MPH)
Batting: RHB John Ratzlaff 0-0: Ball
1-0: Called Strike
1-1: Called Strike
1-2: Ball
2-2: Foul Ball, location: 2F
2-2: Ball
3-2: Base on Balls
Thiago Yepes to second
Batting: LHB Niek Breugelmans 0-0: Called Strike
0-1: Ball
1-1: Called Strike
1-2: Ball
2-2: Strikes out swinging
Bottom of the 8th over - 0 runs, 1 hit, 0 errors, 2 left on base; Ft. Polk South 9 - Mercer Island 4
TOP OF THE 9TH
Ft. Polk South Thunder Hawks batting - Pitching for Mercer Island Screaming Eagles : RHP Mike Barraza
Batting: LHB Jorge Agramunt 0-0: Foul Ball, location: 2F
0-1: Foul Ball, location: 2F
0-2: Fly out, F9 (Flyball, 9LDF, EV 105.6 MPH)
Batting: RHB Aubrey Miller 0-0: Ball
1-0: Fly out, F4 (Popup, 4S, EV 71.2 MPH)
Batting: LHB Tim Carson 0-0: Ball
1-0: Called Strike
1-1: Called Strike
1-2: Strikes out looking
Top of the 9th over - 0 runs, 0 hits, 0 errors, 0 left on base; Ft. Polk South 9 - Mercer Island 4
BOTTOM OF THE 9TH
Mercer Island Screaming Eagles batting - Pitching for Ft. Polk South Thunder Hawks : LHP Masaki Ito
Batting: RHB Matsuo Ino 0-0: Fly out, F8 (Line Drive, 8RD, EV 103.8 MPH)
Batting: RHB Yue-rong Duan 0-0: Swinging Strike
0-1: Ball
1-1: Ball
2-1: Ball
3-1: Swinging Strike
3-2: Strikes out swinging
Batting: LHB Steve Lodge 0-0: Foul Ball, location: 2F
0-1: Foul Ball, location: 2F
0-2: Ball
1-2: DOUBLE (Flyball, 8LXD, EV 115.0 MPH)
Batting: RHB Asbel Kiprop 0-0: Ball
1-0: Ball
2-0: Ball
3-0: Base on Balls
Batting: RHB Thiago Yepes 0-0: Ball
1-0: Ball
2-0: Ball
3-0: Base on Balls
Steve Lodge to third
Asbel Kiprop to second
Batting: RHB Miles Breeuwer 0-0: Ball
1-0: Called Strike
1-1: Swinging Strike
1-2: Ball
2-2: Foul Ball, location: 2F
2-2: Strikes out swinging
Bottom of the 9th over - 0 runs, 1 hit, 0 errors, 3 left on base; Ft. Polk South 9 - Mercer Island 4
Friday, March 26th, 2021 - OOTP Baseball 20.8 Build 74